[Event "*** Titled Tuesday Blitz"]
[Site "Chess.com"]
[Date "2019.06.04"]
[Round "4"]
[White "Pechen_Yeltsina"]
[Black "pedromartinez91"]
[Result "1-0"]
[WhiteElo "2685"]
[BlackElo "2417"]
[TimeControl "180+2"]
[EndTime "13:53:59 PDT"]
[Termination "Pechen_Yeltsina won by resignation"]

1. Nf3 d5 2. g3 Nf6 3. Bg2 g6 4. O-O Bg7 5. d3 O-O 6. Nbd2 c5 7. e4 Nc6 8. Re1 dxe4 9. dxe4 e5 10. c3 Qc7 11. Qc2 b6 12. Nc4 Ba6 13. Ne3 Rad8 14.
Nd2 Bd3 15. Qa4 b5 16. Qa3 c4 17. b3 Na5 18. bxc4 Nxc4 19. Ndxc4 bxc4 20. Nd5 Nxd5 21. exd5 Rfe8 22. Be3 e4 23. Bf4 Qb7 24. d6 h6 25.
h4 Kh7 26. Rad1 f5 27. Rd2 Bf6 28. Rb2 Qd7 29. Bh3 Rb8 30. Rd1 g5 31. hxg5 hxg5 32. Rxb8 Rxb8 33. Qa5 Kg6 34. Be3 Rb5 35. Qc7 Rb7 36. Qc5 g4 37. Bf1 Rb6 38. Bf4 Bg5 39. Be5 Bf6 40. Bf4 Rb5 41. Qc7 Qxc7 42. dxc7 Rc5 43.
Rc1 Kf7 44. Bxd3 cxd3 45. c4 Ke6 46. Kf1 Kd7 47. Ke1 Be5 48. Bxe5 Rxe5 49. Kd2 Ra5 50. Ra1 Kxc7 51. Kc3 Ra3+ 52. Kb2 Ra6 53. Rh1 Rd6 54. Kc3 d2 55. Rd1 Kc6 56. Rxd2 Rxd2 57. Kxd2 Kc5 58. Kc3 a5 59. a4 f4 60. gxf4 e3 61. Kd3 e2 62. Kxe2 Kxc4 63. Kf1 Kd4 64. Kg2 Ke4 65. Kg3 Kf5 66. f3 gxf3 67. Kxf3 Kf6 68. Ke4 Ke6 69. Ke3 Kf5 70. Kf3 Ke6 71. Ke4 Kf6 72.
Kd5 Kf5 73. Kc6 Kxf4 74. Kb5 Ke5 75. Kxa5 Kd6 76. Kb6 Kd7 77. Kb7 Kd6 78. a5 Kc5 79. a6 1-0

[Event "*** Titled Tuesday Blitz"]
[Site "Chess.com"]
[Date "2019.06.04"]
[Round "4"]
[White "Saitama_Hero"]
[Black "Chebure"]
[Result "0-1"]
[WhiteElo "2427"]
[BlackElo "2798"]
[TimeControl "180+2"]
[EndTime "13:54:01 PDT"]
[Termination "Chebure won by resignation"]

1. d4 Nf6 2. c4 d6 3. Nc3 Bf5 4. f3 e5 5. d5 a5 6. e4 Bd7 7. Be3 g6 8. Qd2 Na6 9. b3 Bg7 10. Nge2 O-O 11. g4 a4 12. Rb1 axb3 13. axb3 Nb4 14.
Ng3 c5 15. dxc6 Nxc6 16. Be2 Nd4 17. Bd1 Be6 18. O-O Nd7 19. Kh1 Nc5 20. Rg1 b5 21. b4 Na4 22. Nxa4 bxa4 23. Rc1 a3 24. Nf5 Bxf5 25.
gxf5 a2 26. Ra1 Qc8 27. Bxd4 exd4 28. Qd3 Qb7 29. b5 Ra7 30. Bb3 Rfa8 31. fxg6 hxg6 32.
Rg2 Ra3 33. Rgxa2 Rxa2 34. Rxa2 Rxa2 35. Bxa2 Qa7 36. Qb3 d3 37. b6 Qb7 38. Qb5 d2 39.
Bb3 Bd4 40. Kg2 Bxb6 41. c5 dxc5 42. Qd3 Ba5 43. e5 Qe7 44. Qxg6+ Kf8 45. Qh6+ Ke8 46. Qc6+ Kf8 47. Qa8+ Bd8 48. Qd5 Bc7 49. f4 Qe6 50. Qxc5+ Qe7 51. Qd5 Qe8 52. Qxd2 Qc6+ 53. Bd5 Qa4 54.
Kf3 Ba5 55. Qd3 Qa1 56. Qe4 Bb6 57. Kg4 Qg1+ 58. Kh3 Qf1+ 59. Kg4 Bd8 60. Qf5 Qg1+ 61. Kf3 Qh1+ 62. Kg4 Qxd5 63. Qh5 Qd1+ 0-1

[Event "*** Titled Tuesday Blitz"]
[Site "Chess.com"]
[Date "2019.06.04"]
[Round "4"]
[White "Bigfish1995"]
[Black "vlad10898"]
[Result "1-0"]
[WhiteElo "2965"]
[BlackElo "2632"]
[TimeControl "180+2"]
[EndTime "13:54:06 PDT"]
[Termination "Bigfish1995 won by resignation"]

1. d4 Nf6 2. c4 g6 3. Nc3 d5 4.
cxd5 Nxd5 5. Nf3 Bg7 6. Bg5 c5 7. Nxd5 Qxd5 8. Rc1 Nd7 9. Qc2 Bxd4 10. e4 Qd6 11.
Nxd4 Qxd4 12. Be2 Nf6 13. Rd1 Qb4+ 14. Bd2 Qxe4 15. Qxe4 Nxe4 16. Bb5+ Bd7 17. Bxd7+ Kxd7 18. Bc3+ Nd6 19. Bxh8 Rxh8 20. h4 h5 21. Rh3 Rc8 22. Ra3 a6 23. Ke2 e6 24. f3 Ke7 25.
g4 Nb5 26. Rad3 Nd4+ 27. Kf2 Rh8 28. g5 Rc8 29. b4 b6 30. bxc5 bxc5 31. f4 Rc7 32.
Rc3 Nf5 33. Rdc1 Kd6 34. Ra3 Rc6 35. Rd1+ Ke7 36. Rad3 Rc7 37. Rd8 Nxh4 38. Ra8 Nf5 39. Rxa6 c4 40. Ke2 h4 41. Ra3 c3 42. Rc1 c2 43.
Rd3 Rc4 44. Kf3 Nd4+ 45. Ke3 Nf5+ 46. Kd2 Rxf4 47. Rxc2 Rg4 48. Rc7+ Ke8 49. Rdd7 Rxg5 50. Rxf7 Nd6 51. Rfe7+ Kf8 52. Rh7 Rh5 53. Rxh5 gxh5 54. Ke2 Nb5 55. Rc5 Nd4+ 56. Kf2 Nf5 57. a4 Ke7 58. a5 Kd6 59. Rc1 Ne7 60. a6 Nc6 61. Kg2 e5 62. Kh3 e4 63. Kxh4 Kd5 64.
Kxh5 e3 65. Rc2 Na7 66. Kg4 e2 67. Rxe2 Kc6 68. Rb2 1-0

[Event "*** Titled Tuesday Blitz"]
[Site "Chess.com"]
[Date "2019.06.04"]
[Round "4"]
[White "MatthewG-p4p"]
[Black "oskariot"]
[Result "1-0"]
[WhiteElo "2787"]
[BlackElo "2551"]
[TimeControl "180+2"]
[EndTime "13:54:09 PDT"]
[Termination "MatthewG-p4p won by resignation"]

1. Nf3 g6 2. e3 Bg7 3. d4 d6 4.
b3 e5 5. dxe5 dxe5 6. Qxd8+ Kxd8 7.
Bb2 f6 8. Nc3 Ne7 9. O-O-O+ Nd7 10. Ne4 c6 11. Nc5 Ke8 12. Ne6 Kf7 13. Bc4 Nb6 14. Nxg7+ Kxg7 15. Nxe5 Nxc4 16. Nxc4 Be6 17. Rd6 Kf7 18. Rhd1 Nf5 19. R6d2 b5 20. Nd6+ Nxd6 21. Rxd6 Rac8 22. e4 Rhe8 23. f4 f5 24. e5 Rc7 25.
Bd4 Ree7 26. Rd8 Red7 27. Rh8 Kg7 28. Ra8 c5 29. Bf2 Rxd1+ 30. Kxd1 Bd5 31. Rb8 a6 32. Rb6 Bxg2 33. Rxa6 c4 34. Rb6 cxb3 35. cxb3 Rb7 36. Ra6 Bd5 37. Kd2 Kf7 38. Bc5 Be6 39. Bd6 g5 40. fxg5 f4 41. Ra8 Kg6 42. Rf8 Kxg5 43.
Rf6 Bd5 44. Bf8 f3 45. Ke3 Rf7 46. Rxf7 Bxf7 47. Kxf3 Kf5 48. Bd6 Ke6 49. Ke4 Bg6+ 50. Kd4 Bb1 51. a3 Bc2 52. Kc5 Bxb3 53. Kxb5 Kd5 54. a4 h5 55. a5 Ke6 56. Kb6 Kd7 57.
a6 Bd5 58. Ka7 Kc8 59. Ba3 Bc4 60. Bd6 Bd5 61. Kb6 Kd7 62. Kc5 Bf3 63. Kd4 Kc8 64.
e6 Kd8 65. Ke5 Ke8 66. Bb4 Be2 67. a7 Bf3 68. Kd6 Ba8 1-0

[Event "*** Titled Tuesday Blitz"]
[Site "Chess.com"]
[Date "2019.06.04"]
[Round "4"]
[White "Andrjywa"]
[Black "FrenchMonster2002"]
[Result "1-0"]
[WhiteElo "2515"]
[BlackElo "2361"]
[TimeControl "180+2"]
[EndTime "13:54:23 PDT"]
[Termination "Andrjywa won by resignation"]

1. Nf3 Nf6 2. g3 g6 3. Bg2 Bg7 4. c4 O-O 5. O-O d6 6. Nc3 Nc6 7. d4 e5 8. dxe5 Nxe5 9. Nxe5 dxe5 10. Qb3 c6 11. Be3 Qe7 12. Rad1 Ng4 13. Bc1 f5 14. h3 Nf6 15. c5+ Be6 16. Qb4 Rfd8 17. Bg5 h6 18. Bxf6 Bxf6 19. Rd6 Rd7 20. Rxd7 Qxd7 21.
Rd1 Qc7 22. Rd6 Kf7 23. e4 Be7 24. Rd1 Rd8 25. Rxd8 Bxd8 26. exf5 gxf5 27. Bf1 Be7 28. Bc4 Qd7 29. Bxe6+ Kxe6 30. Qc4+ Kf6 31. Qg8 Bxc5 32. Qh8+ Qg7 33. Qd8+ Qe7 34. Qh8+ Qg7 35. Qd8+ Ke6 36. Kg2 Bd6 37. Qc8+ Qd7 38. Qg8+ Qf7 39. Qc8+ Qd7 40. Qh8 Qf7 41. Qxh6+ Kd7 42. h4 f4 43. Ne4 Bc7 44.
Nf6+ Kc8 45. Qh8+ Bd8 46. Ne4 Qd5 47. Qh7 a5 48. h5 Bc7 49. h6 f3+ 50. Kxf3 Qxa2 51.
Qf5+ Kb8 52. Qf8+ Ka7 53. h7 Qb3+ 54. Kg2 Qd5 55. h8=Q Qxe4+ 56. Qf3 Qb4 57. Qhf8 Qxb2 58. Qc5+ Bb6 59. Qcc3 Qb5 60. Qfd3 Qa4 61. Qcc4 Qa1 62. Qcc3 Qa2 63. Qdd2 Qe6 64. Qe2 Qd5+ 65. Qcf3 Qc5 66.
Qfe4 Bc7 67. Q4e3 Qxe3 68. Qxe3+ Ka6 69. g4 a4 70. Qe2+ b5 71. g5 Bd8 72. g6 Bf6 73. Qf3 a3 74. Qxc6+ Ka5 75. Qxf6 a2 76. Qxe5 1-0

[Event "*** Titled Tuesday Blitz"]
[Site "Chess.com"]
[Date "2019.06.04"]
[Round "4"]
[White "Koksik_13"]
[Black "GHANDEEVAM2003"]
[Result "0-1"]
[WhiteElo "2637"]
[BlackElo "2933"]
[TimeControl "180+2"]
[EndTime "13:54:32 PDT"]
[Termination "GHANDEEVAM2003 won by resignation"]

1. e4 e6 2. d4 d5 3. Nc3 Nf6 4. e5 Ne4 5. Bd3 Nxc3 6. bxc3 c5 7. Nf3 Qa5 8. Bd2 c4 9. Bf1 Ba3 10. Rb1 Nc6 11. g3 b6 12. h4 Bd7 13. Bh3 h6 14. h5 O-O-O 15. O-O Ne7 16. Qe2 Ba4 17. Ne1 Rdf8 18. f4 Nf5 19. Bxf5 exf5 20. Qe3 Rhg8 21. Bc1 Bd7 22. Bxa3 Qxa3 23. Nf3 g6 24. hxg6 Rxg6 25. Kf2 Rfg8 26. Rg1 Be6 27. Qc1 Qxc3 28.
Qd2 Qxd2+ 29. Nxd2 Kc7 30. Nf1 h5 31. Rh1 Rh6 32.
Ne3 Kc6 33. Rh4 b5 34. c3 a5 35. a3 Rb8 36. g4 fxg4 37. f5 Rf8 38. fxe6 fxe6+ 39. Ke2 g3 40. Ng4 Rf4 41. Nxh6 Rxh4 42. Kf3 Rh2 43. Kxg3 Rc2 44. Nf7 Rxc3+ 45. Kf4 Rxa3 46.
Nd8+ Kd7 47. Nb7 b4 48. Nc5+ Ke7 49. Rh1 c3 50. Ke3 b3 51. Nxb3 Rxb3 52. Kd3 Rb8 53. Rxh5 Rc8 54. Rh7+ Kd8 55. Kc2 Rc4 56. Rh6 Kd7 57.
Rh7+ Ke8 58. Rh6 Kf7 59. Rh7+ Kg6 60. Re7 Kf5 61. Rf7+ Ke4 62. Rf6 Kxd4 63. Rxe6 Rb4 64.
Re8 Rb2+ 65. Kc1 Kd3 66. e6 Re2 67. Kb1 Re1+ 68. Ka2 c2 0-1

[Event "*** Titled Tuesday Blitz"]
[Site "Chess.com"]
[Date "2019.06.04"]
[Round "4"]
[White "pedroholly22"]
[Black "albano87"]
[Result "1-0"]
[WhiteElo "2298"]
[BlackElo "2164"]
[TimeControl "180+2"]
[EndTime "13:55:03 PDT"]
[Termination "pedroholly22 won on time"]

1. e4 c5 2. Nf3 d6 3. d4 cxd4 4. Nxd4 Nf6 5. Nc3 g6 6. Be3 Bg7 7. f3 Nc6 8. Qd2 O-O 9. Bc4 Nd7 10. O-O-O Nb6 11. Be2 Na5 12. b3 Bd7 13. Nd5 Nxd5 14.
exd5 Rc8 15. h4 e5 16. dxe6 fxe6 17. Kb1 a6 18. h5 e5 19. hxg6 hxg6 20. Bd3 exd4 21. Bxg6 Nc4 22. Bh7+ Kf7 23. Qd3 Ne5 24. Qxd4 Nc4 25. Qd5+ Be6 26. Qh5+ Ke7 27. Bg5+ Bf6 28.
Bxf6+ Rxf6 29. bxc4 Rxc4 30. Qg5 Qb6+ 31. Kc1 Rc5 32. Qh4 Qa5 33. Bd3 Qa3+ 34. Kd2 Qc3+ 35. Ke2 Re5+ 36. Kf1 Qc5 37. Qf2 Qc6 38. Rh7+ Rf7 39.
Rxf7+ Kxf7 40. Kg1 Rh5 41. f4 Bg4 42. Re1 Qd5 43.
Be4 Qa5 44. Qe3 Be6 45. f5 Bxf5 46. Bf3 Rh8 47. Qe7+ Kg6 48. Qxd6+ Kg5 49. Qe7+ Kg6 50. Qd6+ Kg5 51. Qe5 Qb6+ 52. Qe3+ Qxe3+ 53. Rxe3 Kf4 54. Rc3 Rd8 55. Bxb7 Rd1+ 56. Kh2 Rd8 57. Bxa6 Rh8+ 58.
Kg1 Be4 59. Bd3 Bd5 60. Bc4 Be4 61. a4 Rd8 62. Bf1 Rd1 63. Kf2 Rd2+ 64. Ke1 Rd5 65.
g3+ Kf5 66. Re3 Bxc2 67. Bb5 Rd1+ 68. Kf2 Rd2+ 69. Re2 Rxe2+ 70. Kxe2 Kg5 71. Kf3 Bd1+ 72. Kf2 Kg4 73. a5 Bc2 74. Be2+ Kg5 75. a6 Be4 76. a7 1-0

[Event "*** Titled Tuesday Blitz"]
[Site "Chess.com"]
[Date "2019.06.04"]
[Round "4"]
[White "Philosopherrr"]
[Black "Valuebet2000"]
[Result "0-1"]
[WhiteElo "2364"]
[BlackElo "2542"]
[TimeControl "180+2"]
[EndTime "13:55:07 PDT"]
[Termination "Valuebet2000 won by resignation"]

1. e4 c6 2. d4 d5 3. Nc3 dxe4 4. Nxe4 Bf5 5. Ng3 Bg6 6. h4 h6 7. Nf3 Nd7 8. h5 Bh7 9. Bd3 Bxd3 10. Qxd3 e6 11. Bd2 Ngf6 12. O-O-O Be7 13. Rhe1 O-O 14. Ne5 Nxe5 15. Rxe5 c5 16. Bc3 Qc7 17. dxc5 Nd5 18. Rxd5 exd5 19. Nf5 Bg5+ 20. Kb1 Rfe8 21. Nxg7 Re4 22.
Nf5 Qf4 23. Qxd5 Ree8 24. Nd6 Re6 25. Qxb7 Rd8 26. a3 Qxf2 27. b4 a5 28. Rd3 axb4 29. axb4 Qf1+ 30. Kb2 Qf4 31. Rf3 Qc1+ 32. Kb3 Re7 33.
Qd5 Qb1+ 34. Bb2 Bc1 35. Rg3+ Kf8 36. Qd4 Bxb2 37. Qxb2 Qxb2+ 38. Kxb2 Re2 39. b5 Re5 40. Nb7 Rb8 41. Nd6 Rxc5 42. c4 Ke7 43. Ne4 Rxc4 44.
Nc3 Rh4 45. Re3+ Kd6 46. Rf3 Ke6 47. Re3+ Kd7 48. Rf3 Ke7 49. Re3+ Kd6 50. Rf3 Rb7 51. Rf6+ Kc5 52. Rc6+ Kd4 53. Rxh6 Rg4 54. Rd6+ Ke3 55. h6 Rxg2+ 56. Kb3 Rh2 57. Kb4 f5 58. b6 f4 59.
Re6+ Kd3 60. Nd5 f3 61. Kc5 Rc2+ 62. Kd6 f2 63. Rf6 Ke4 64. Re6+ Kf5 65. Rf6+ Kg5 66.
Rf3 Kxh6 67. Rh3+ Kg5 68. Rf3 Kg4 69. Rf8 Kg3 70. Rg8+ Kh2 71. Rh8+ Kg2 72. Rg8+ Kf3 73. Rf8+ Ke4 74. Rf4+ Kd3 75. Rf8 Rd2 76. Kc6 Rh7 77.
Nc7 Rc2+ 78. Kd6 Rh6+ 79. Ne6 Ke2 80. b7 Rb2 81. Rxf2+ Kxf2 82. Kc7 Rh7+ 0-1

[Event "*** Titled Tuesday Blitz"]
[Site "Chess.com"]
[Date "2019.06.04"]
[Round "4"]
[White "el-reptiliano"]
[Black "alturas_pacificas"]
[Result "1/2-1/2"]
[WhiteElo "2186"]
[BlackElo "2270"]
[TimeControl "180+2"]
[EndTime "13:55:08 PDT"]
[Termination "Game drawn - insufficient material"]

1. Nf3 d5 2. e3 Nf6 3. c4 c6 4. Nc3 h6 5. b3 Bf5 6. Bb2 e6 7.
h3 Nbd7 8. g4 Bg6 9. Be2 a5 10.
Rg1 Bd6 11. h4 e5 12. g5 hxg5 13.
hxg5 Ne4 14. cxd5 Nxc3 15. dxc3 Qe7 16. dxc6 bxc6 17. Qd2 Nc5 18. Ba3 Rd8 19. Rd1 Ne4 20. Bxd6 Rxd6 21. Qc1 Rxd1+ 22. Bxd1 Qc5 23. Nd2 Nxc3 24.
Nc4 Ne4 25. Bf3 Qb4+ 26. Kf1 O-O 27. Bxe4 Bxe4 28. Qd2 Qxd2 29. Nxd2 Bd5 30. e4 Be6 31. Ke2 a4 32. Rc1 axb3 33. axb3 Rb8 34. Rc3 Bd7 35. Nc4 f6 36. gxf6 gxf6 37. Kd3 Kf7 38. Nd6+ Ke6 39. Nf5 Kf7 40. Ne3 Rc8 41. Kc2 Be6 42. Nc4 Bxc4 43. Rxc4 Ke6 44. Kc3 f5 45. exf5+ Kxf5 46. b4 Ke6 47. Kd3 Kd6 48. Ke4 Rf8 49. Ke3 Rh8 50.
Rc1 Rh4 51. Rb1 Kd5 52. Rd1+ Kc4 53. Rc1+ Kb5 54. Rc5+ Kb6 55. Rxe5 Rxb4 56. f4 Kc7 57. f5 Kd7 58. f6 Rb8 59. Kf4 Rf8 60. Kf5 Kd6 61.
Re6+ Kd5 62. Re7 c5 63. Rd7+ Kc4 64. Ke6 Kb3 65. Rb7+ Ka3 66. Ra7+ Kb3 67. Rb7+ Ka3 68. Rf7 Rh8 69. Ra7+ Kb4 70. Rb7+ Ka3 71. Ra7+ Kb4 72. f7 c4 73. Rb7+ Ka3 74. Kd5 c3 75. Rc7 Kb2 76.
Rb7+ Ka2 77. Ra7+ Kb2 78. Rb7+ Ka2 79. Rc7 Kb2 80. Ke6 c2 81. Rxc2+ Kxc2 82. Ke7 Rh7 83. Ke8 Rxf7 84. Kxf7 1/2-1/2

[Event "*** Titled Tuesday Blitz"]
[Site "Chess.com"]
[Date "2019.06.04"]
[Round "4"]
[White "CookiesAndIceCream"]
[Black "DivyaDeshmukh23"]
[Result "0-1"]
[WhiteElo "2379"]
[BlackElo "2379"]
[TimeControl "180+2"]
[EndTime "13:55:39 PDT"]
[Termination "DivyaDeshmukh23 won by resignation"]

1. e4 c5 2. Nf3 d6 3. d4 cxd4 4. Nxd4 Nf6 5. Nc3 a6 6. Be3 Ng4 7. Bg5 h6 8. Bh4 g5 9. Bg3 Bg7 10. h3 Nf6 11. Be2 Nc6 12. Nxc6 bxc6 13. e5 Nd7 14. exd6 e6 15. O-O O-O 16. Bf3 Rb8 17.
Rb1 Bb7 18. Qe2 Qa5 19. b4 Qf5 20. Ne4 Rfd8 21. c4 a5 22. a3 Ne5 23. Bxe5 Qxe5 24. c5 Ra8 25. Rfe1 Ba6 26. Qd2 Bb5 27. Rb3 axb4 28. axb4 Bc4 29. Rbe3 Ra2 30. Qc1 Qd4 31. Nc3 Ra6 32. Rd1 Qf4 33. g3 Qf5 34. Ne4 Bd5 35. Bg4 Qg6 36. Nc3 Bb3 37. Rde1 h5 38. Bf3 Rda8 39.
Be4 f5 40. Bb1 Ra1 41. Qb2 Bc4 42. Kh2 R1a3 43. Qd2 Rb3 44. Bc2 Rxb4 45. Bd3 Bxd3 46. Qxd3 Rd4 47. Qe2 f4 48. Rxe6 Qf5 49. Re8+ Rxe8 50.
Qxe8+ Bf8 51. Qxh5 fxg3+ 52. Kxg3 Rd3+ 53. Kg2 Rxc3 54. Re8 Rc2 55. Re2 Qd5+ 56. Kh2 Rxe2 57. Qxe2 Qxc5 58. Qe6+ Kh8 59. Qf6+ Bg7 60. Qd8+ Kh7 61.
Kg2 Qd5+ 62. Kf1 Qh1+ 63. Ke2 Qe4+ 64. Kf1 Qd3+ 65. Kg2 Qd5+ 66. Kg1 Be5 67. Qe7+ Kg6 68. d7 Qd1+ 69. Kg2 Qd5+ 70. Kf1 Bc7 71. Qe8+ Kf5 72.
Qf8+ Ke4 73. Qe7+ Kd4 74. Qe3+ Kc4 75. Qe7 Kb5 76. Qg7 c5 77. Qb2+ Kc6 78. Qg7 Bf4 79. h4 Qxd7 80. Qg6+ Kb5 81. hxg5 Qd1+ 82. Kg2 Qg4+ 83.
Kf1 Qxg5 84. Qe8+ Kb4 85. Qe4+ c4 86. Ke2 Qe5 87. f3 Kb3 88. Kd1 Qxe4 89. fxe4 c3 0-1

[Event "*** Titled Tuesday Blitz"]
[Site "Chess.com"]
[Date "2019.06.04"]
[Round "4"]
[White "ulises2013"]
[Black "Sebastian"]
[Result "0-1"]
[WhiteElo "2594"]
[BlackElo "2885"]
[TimeControl "180+2"]
[EndTime "13:55:44 PDT"]
[Termination "Sebastian won by resignation"]

1. e4 d6 2. d4 Nf6 3. Nc3 g6 4. Be3 a6 5. f3 b5 6. Qd2 Nbd7 7. Nge2 Nb6 8. Ng3 h5 9. h4 Bg7 10. a4 b4 11. Nd1 a5 12. Nf2 O-O 13. Bd3 Bd7 14.
b3 c5 15. Ne2 Qc7 16. Bh6 c4 17. Bxg7 Kxg7 18. bxc4 Nxc4 19. Bxc4 Qxc4 20. O-O Rac8 21. Rfc1 Rc7 22. Qd3 Rfc8 23. Qe3 Qa6 24. c3 b3 25. Rcb1 Rb7 26. Rb2 Qc4 27. Qd3 Bxa4 28. Qxc4 Rxc4 29.
Nd3 Nd7 30. Ndc1 Ra7 31. Kf2 Ra6 32. Nxb3 Bxb3 33. Rxb3 Rc7 34. Ke3 Nb6 35. Rb5 a4 36. Kd3 a3 37. Nc1 Na4 38. Rb3 Nb2+ 39. Kc2 Nc4 40. Kd3 e6 41. Na2 d5 42. Nb4 Ra5 43.
Ra2 Kf6 44. Nc2 g5 45. hxg5+ Kxg5 46. e5 Kf4 47. Nb4 h4 48. Rb1 Nb2+ 49. Kc2 Nc4 50. Kd3 Ra4 51. Rh1 Nb2+ 52. Kd2 Nc4+ 53. Kd3 Kg5 54.
Rb1 Ra8 55. Rh1 Rac8 56. Rc2 Rg8 57. Rh3 Nb2+ 58. Kd2 Kf5 59. Ke3 Nc4+ 60. Kd3 Nb2+ 61. Ke3 Rgc8 62. Kd2 Nc4+ 63. Kd3 Nb2+ 64. Kd2 Na4 65.
Na2 Kg5 66. g3 hxg3 67. Rxg3+ Kf4 68. Rh3 Rg8 69. Rh2 Kxf3 70. Nb4 Rg2+ 71. Rxg2 Kxg2 72. Ke3+ Kg3 73. Kd3 Nb2+ 74. Kd2 Kf4 75. Rc1 Nc4+ 76.
Kd3 Ra7 77. Rf1+ Kg3 78. Ra1 Ra8 79. Ra2 Rh8 80. Nc2 Rb8 81. Nb4 Kf3 82. Ra1 Rb7 83. Rf1+ Kg2 84. Ra1 Rc7 85. Nc2 Ra7 86. Ra2 Kg3 87. Nb4 Ra8 88. Ra1 Rh8 89. Nc2 Rh2 90. Rg1+ Kh4 91. Rd1 Nb2+ 0-1

[Event "*** Titled Tuesday Blitz"]
[Site "Chess.com"]
[Date "2019.06.04"]
[Round "4"]
[White "IMRosen"]
[Black "Obito24"]
[Result "0-1"]
[WhiteElo "2527"]
[BlackElo "2748"]
[TimeControl "180+2"]
[EndTime "13:55:44 PDT"]
[Termination "Obito24 won by resignation"]

1. e4 c5 2. Nc3 e6 3. g3 Nc6 4.
Bg2 g6 5. Nge2 Bg7 6. O-O Nge7 7. d4 cxd4 8. Nb5 O-O 9. Nbxd4 Nxd4 10. Nxd4 d5 11. exd5 Nxd5 12. c3 Qb6 13. Nb3 a5 14. c4 Nb4 15. Be3 Qc7 16. a3 Rd8 17. Qe2 Nc6 18. Rad1 e5 19. Rxd8+ Qxd8 20. Rd1 Qc7 21. Bd5 Bh3 22. Nc5 Rd8 23. Ne4 h6 24. Qf3 Bf5 25. g4 Bxe4 26. Qxe4 Kh7 27. h4 Nd4 28. h5 b6 29.
hxg6+ fxg6 30. Kg2 Qd6 31. Rh1 Ne6 32. g5 Nf4+ 33. Bxf4 exf4 34. gxh6 Bxb2 35. Kf3 Qf6 36. Rg1 Rf8 37. Rg4 Qc3+ 38. Kg2 f3+ 39. Kh3 Qf6 40. Qd3 Kxh6 41. Be4 g5 42. Qd7 Rf7 43. Qe8 Kg7 44. Qb5 Be5 45. Qc6 Qxc6 46. Bxc6 Kf6 47. Bxf3 Rh7+ 48. Kg2 Bf4 49. Kf1 Rd7 50. Bd5 b5 51.
Ke2 bxc4 52. Bxc4 Rd2+ 53. Kf3 Rc2 54. Bb5 Rc3+ 55. Ke4 Rxa3 56. Rg1 Rb3 57. Bc4 Rb4 58. Kd5 Rb2 59. f3 Rd2+ 60. Kc6 Rc2 61. Kb5 a4 62. Ra1 Rc3 63. Bd5 a3 64. Kb4 Bd2 65. Ka4 Ke5 66.
Bb7 Bc1 67. Kb4 Rc7 68. Ba8 Kf4 69. Kb3 Rc8 70. Bd5 Rc5 71. Ba8 Ke3 72. Ka2 Rc2+ 73.
Kb1 Rc8 74. Bd5 Bb2 75. Ka2 Bxa1 76. Kxa1 Rc2 77. Kb1 Rf2 78. Ka1 Rxf3 79. Ka2 g4 80.
Kxa3 g3 81. Kb2 g2 82. Bb3 g1=Q 83. Ka2 Rf2+ 84. Ka3 Qc1+ 85. Kb4 Rf4+ 86. Kb5 Qb2 0-1

[Event "*** Titled Tuesday Blitz"]
[Site "Chess.com"]
[Date "2019.06.04"]
[Round "4"]
[White "Siemba"]
[Black "GremioPrudente"]
[Result "0-1"]
[WhiteElo "2079"]
[BlackElo "2126"]
[TimeControl "180+2"]
[EndTime "13:55:50 PDT"]
[Termination "GremioPrudente won by checkmate"]

1. e4 e6 2. d4 d5 3. Nc3 Nf6 4. Bg5 Be7 5. e5 Nfd7 6. Bxe7 Qxe7 7. Qg4 O-O 8. Bd3 c5 9. Nf3 f5 10. Qg5 Rf7 11. Nb5 Nc6 12. c3 Qxg5 13. Nxg5 Re7 14. O-O a6 15. Nc7 Rb8 16. Ngxe6 cxd4 17. Bxf5 Ndxe5 18. cxd4 Nxd4 19. Nxd4 Rxc7 20. Bxc8 Rbxc8 21. Rfe1 Nc4 22. b3 Nd6 23. Rad1 g6 24. Ne6 Re7 25.
Rxd5 Rxe6 26. Red1 Nf5 27. R5d2 Rce8 28. Kf1 R8e7 29. h3 h5 30. g3 Kf7 31. Kg2 Re2 32.
g4 Rxd2 33. Rxd2 hxg4 34. hxg4 Nh4+ 35. Kg3 g5 36. Rd5 Kf6 37. Rd6+ Re6 38. Rd7 b5 39. Ra7 Ng6 40. a4 bxa4 41. bxa4 Nf4 42. a5 Ne2+ 43. Kg2 Nd4 44. Ra8 Nb3 45. Rf8+ Kg6 46. Rf5 Re4 47.
Rd5 Rxg4+ 48. Kh3 Ra4 49. Rd6+ Kf5 50. Rxa6 Rxa5 51. Rb6 Ra3 52. Kg2 Nd4 53. Rb8 Ne6 54. Rg8 Nf4+ 55. Kh2 Ra2 56. Kg3 Ra3+ 57. Kh2 Ra6 58.
Rf8+ Rf6 59. Ra8 Rh6+ 60. Kg1 Kg4 61. Ra3 Rh3 62. Ra5 Rc3 63. Kh2 Rc2 64. Kg1 Rc1+ 65. Kh2 Nd3 66. Ra2 Kf3 67. Ra5 g4 68. Rf5+ Nf4 69.
Rf8 Rc2 70. Kg1 Rc1+ 71. Kh2 Rf1 72. Rf7 Rxf2+ 73. Kh1 Ra2 74. Kg1 Rb2 75. Re7 Ne2+ 76. Kh1 Ng3+ 77. Kg1 Ne4 78. Rf7+ Kg3 79. Rf1 Rg2+ 80.
Kh1 Nf2+ 81. Rxf2 Rxf2 82. Kg1 Ra2 83. Kh1 Ra1# 0-1

[Event "*** Titled Tuesday Blitz"]
[Site "Chess.com"]
[Date "2019.06.04"]
[Round "4"]
[White "MITerryble"]
[Black "Vuk2000"]
[Result "0-1"]
[WhiteElo "2776"]
[BlackElo "2733"]
[TimeControl "180+2"]
[EndTime "13:55:59 PDT"]
[Termination "Vuk2000 won by resignation"]

1. d4 Nf6 2. Bg5 e6 3. e4 h6 4. Bxf6 Qxf6 5. c3 d6 6. Bd3 Nd7 7. Ne2 e5 8. O-O g6 9. f4 Qe7 10. Nd2 Bg7 11. f5 O-O 12. d5 Nf6 13. c4 gxf5 14.
exf5 e4 15. Bc2 Qe5 16. Rf4 Bxf5 17. Qf1 Bg6 18. Rb1 Nh5 19. Rg4 Nf6 20. Rg3 h5 21. Kh1 Rae8 22. b4 Bh6 23. Nb3 Ng4 24. Qe1 Nxh2 25. Nbd4 Ng4 26. Rh3 Qf6 27. Rg3 Qh4+ 28. Rh3 Qxe1+ 29. Rxe1 Nf2+ 30. Kh2 Nxh3 31. Kxh3 e3 32. Ng3 Bg7 33. Ndf5 Bc3 34. Re2 Bxb4 35. Kh4 Bc3 36. Nxh5 Bxf5 37. Bxf5 Re7 38. Kg4 Rfe8 39.
Kf3 Bg7 40. g4 Re5 41. a4 c6 42. dxc6 bxc6 43. Bd7 R8e7 44. Bxc6 Kf8 45. Ng3 Rc5 46. Bd5 Re8 47. Ne4 Ra5 48. Nxd6 Rd8 49. Nb7 Rdxd5 50. cxd5 Rxd5 51. Rxe3 Bf6 52. a5 Be7 53. a6 Rb5 54. Rc3 Rb6 55. Rc8+ Kg7 56. Rc7 Kf6 57. Na5 Rxa6 58. Nc6 Bd6 59. Rc8 Ra3+ 60. Ke4 Ra4+ 61.
Kd5 Bg3 62. Ra8 Bf2 63. Rg8 Be3 64. Kd6 Bb6 65. Kd5 Be3 66. Kd6 Ra1 67. Kd5 a5 68.
Ra8 a4 69. Ke4 Bc1 70. Nb4 a3 71. Nc2 Ra2 72. Kd3 Kg7 73. Ra4 Rb2 74. Nb4 Rg2 75. Nc2 Rg3+ 76. Ke2 Bb2 77. Kf2 Rc3 78. Ne3 Bc1 79.
Nf5+ Kf6 80. Ke2 Bb2 81. Ne3 Rb3 82. Nc4 Kg7 83. Ra6 Bc1 84. Kd1 Bb2 85. Kc2 Rc3+ 86. Kb1 Rxc4 87. g5 Rg4 88. Ra5 Rg3 89. Ka2 Bd4 90. Rd5 Be3 91. Kxa3 Bxg5+ 92. Kb2 Kg6 93. Kc2 Re3 94. Kd1 Re7 95. Rd6+ f6 96. Rd8 Kh5 97.
Re8 Rxe8 0-1

[Event "*** Titled Tuesday Blitz"]
[Site "Chess.com"]
[Date "2019.06.04"]
[Round "4"]
[White "Alexander_Donchenko"]
[Black "Barcelona_Guy"]
[Result "1/2-1/2"]
[WhiteElo "2748"]
[BlackElo "2685"]
[TimeControl "180+2"]
[EndTime "13:56:00 PDT"]
[Termination "Game drawn by agreement"]

1. e4 e5 2. Nf3 Nc6 3. Bb5 g6 4. c3 a6 5. Ba4 b5 6. Bb3 Bg7 7. O-O Nge7 8. d4 exd4 9. cxd4 d6 10. Bg5 h6 11. Be3 Bb7 12. Qd2 Qd7 13. a4 b4 14. a5 g5 15. Ba4 d5 16. Ne5 Bxe5 17. dxe5 O-O-O 18. Bc5 dxe4 19. Qe2 Qd3 20. Qg4+ Kb8 21.
Rd1 Qc4 22. Bxe7 Nxe7 23. Nd2 Qe6 24. Qe2 Qxe5 25. Nb3 Nf5 26. Qc4 e3 27. Rf1 exf2+ 28. Rxf2 Ne3 29. Qxb4 Nd5 30. Qc4 Ne3 31. Qb4 Nd5 32.
Qc4 Nf4 33. Nc5 Rd4 34. Nd7+ Rxd7 35. Bxd7 Rd8 36. Bc6 Nd3 37. Qb3 Nc5 38. Qb4 Rd4 39. Qe1 Qxe1+ 40. Rxe1 Bxc6 41. Rc1 Rd5 42. Rfc2 Nb3 43.
Rxc6 Nxc1 44. Rxc1 Rxa5 45. Rc6 h5 46. Rf6 Ra1+ 47. Kf2 Ra2 48. Kf3 Kb7 49. b4 Rb2 50. Rf5 Rb3+ 51. Kf2 f6 52. h4 gxh4 53. Rxf6 Rxb4 54. Rf5 Rb5 55. Rf4 a5 56. Rxh4 Kb6 57. Ke3 Rg5 58. Kd3 Rxg2 59. Rxh5 c5 60. Kc4 Rg4+ 61. Kb3 Kb5 62. Rh3 Rb4+ 63. Kc3 a4 64. Rh8 Rb3+ 65. Kc2 Kb4 66. Rb8+ Kc4 67. Ra8 Rb4 68.
Ra5 Kd4 69. Ra8 Kc4 70. Ra5 Kd4 71. Ra8 Kd5 72. Rd8+ Kc6 73. Rc8+ Kb6 74. Rb8+ Kc7 75. Ra8 Kb7 76. Ra5 Kb6 77. Ra8 Kb5 78. Rb8+ Ka6 79. Ra8+ Kb7 80. Ra5 Kb6 81. Ra8 Rh4 82. Kb2 Kb5 83.
Kc2 Rh2+ 84. Kc3 Rh3+ 85. Kb2 Kb4 86. Rb8+ Kc4 87. Ra8 Rh2+ 88. Ka3 Kc3 89. Rg8 Rh3 90. Rg2 c4 91. Kxa4 Kd3 92. Kb4 c3 93. Kb3 Re3 94. Rc2 Kd4 95. Rh2 1/2-1/2